 Dungeon Sprint DCSS version 0.31-a0-1458-g2f8d4710b4 (webtiles) character file.

Game seed: 9031501049450464030

2050 Groucho the Protected (level 9, -1/83 HPs)
             Began as an Armataur Fighter on Dec 28, 2023.
             Was a Believer of Makhleb.
             Killed from afar by an acid dragon (12 damage)
             ... with a splash of acid
             ... in the Dungeon (Sprint IX: "|||||||||||||||||||||||||||||").
             The game lasted 00:03:19 (1158 turns).

Groucho the Protected (Armataur Fighter)            Turns: 1158, Time: 00:03:19

Health: -1/83      AC: 13    Str: 25    XL:     9   Next: 4%
Magic:  14/14      EV: 10    Int: 10    God:    Makhleb [**....]
Gold:   0          SH:  6    Dex: 12    Spells: 8/8 levels left

rFire   . . .        a - +0 war axe
rCold   . . .        c - +0 buckler
rNeg    . . .        q - +2 ring mail
rPois   .            o - +0 helmet
rElec   .            (no cloak)
rCorr   .            p - +0 pair of gloves
SInv    .            (no barding)
Will    .....        (no amulet)
Stlth   +            b - +3 ring of dexterity
HPRegen 0.33/turn    r - +2 ring of evasion
MPRegen 0.14/turn

%: no teleportation, roll
@: no status effects
A: large, deformed body, tough skin 3, armoured tail, roll 2
a: Renounce Religion, Minor Destruction


You were in the Dungeon.
You worshipped Makhleb.
Makhleb was pleased with you.
You visited 1 branch

Inventory:

Hand Weapons
 a - a +0 war axe (weapon)
 m - a +2 rapier of speed
 n - a +2 scimitar of flaming
Armour
 c - a +0 buckler (worn)
 o - a +0 helmet (worn)
 p - a +0 pair of gloves (worn)
 q - a +2 ring mail (worn)
Jewellery
 b - a +3 ring of dexterity (left hand)
 r - a +2 ring of evasion (right hand)
Wands
 l - a wand of quicksilver (10)
Scrolls
 j - 2 scrolls of blinking
 k - 2 scrolls of amnesia
Potions
 d - a potion of might
 e - 3 potions of curing
 h - 4 potions of magic


   Skills:
 + Level 9.2 Fighting
 + Level 8.2 Axes
 + Level 11.9 Armour
 + Level 10.9 Shields
 + Level 7.8 Invocations


You had 8 spell levels left.
You didn't know any spells.
Your spell library was empty.

Dungeon Overview and Level Annotations

Branches:
Dungeon (1/1)

Altars:
Cheibriados
Dithmenos
Elyvilon
Fedhas
Gozag
Hepliaklqana
Kikubaaqudgha
Makhleb
Nemelex Xobeh
Okawaru
Qazlal
Ru
Sif Muna
Trog
Uskayaw
Vehumet
Wu Jian
Xom
Yredelemnul
Zin
The Shining One
Jiyva
Lugonu


Innate Abilities, Weirdness & Mutations

Armour fits poorly on your strangely shaped body.
You have extremely tough skin. (AC +3)
You have a long armoured tail.
You regenerate magic and health when rolling toward enemies. (Rampage Regen)


Message History

You slash the centaur warrior!
You kill the centaur warrior!
Makhleb accepts your kill.
You feel better.
The acid dragon bites you but does no damage.
The acid dragon claws you but does no damage.
Your Fighting skill increases to level 9!
Your Axes skill increases to level 8!
You have reached level 9!
Your experience leads to an increase in your attributes!
Your base attributes are Str 23, Int 10, Dex 9.
Increase (S)trength, (I)ntelligence, or (D)exterity?
You feel stronger. x2
Unknown command.
Unknown command.
You hit the acid dragon but do no damage.
The acid dragon bites you.
The acid dragon claws you but does no damage.
You hit the acid dragon.
Your tail-slap misses the acid dragon.
The acid dragon is lightly wounded.
The acid dragon bites you.
* * * LOW HITPOINT WARNING * * *
The acid dragon closely misses you.
Unknown command.
You closely miss the acid dragon.
The acid dragon is lightly wounded.
The acid dragon completely misses you. The acid dragon claws you.
* * * LOW HITPOINT WARNING * * *
Unknown command.
You hit the acid dragon.
The acid dragon is lightly wounded.
The acid dragon spits acid at you. The splash of acid hits you!
* * * LOW HITPOINT WARNING * * *
Unknown command.
You hit the acid dragon but do no damage.
The acid dragon is lightly wounded.
The acid dragon spits acid at you. The splash of acid hits you!
You die... ▓▓▓▓▓▓▓▓▓▓▓▓▓▓▓▓▓▓▓▓▓▓ +...D@)'..))))'..[...) ▓▓▓▓▓▓▓▓▓▓▓▓▓▓▓▓▓▓▓▓▓▓

You could see an acid dragon (catching breath).

Vanquished Creatures
  2 centaur warriors (D)
  A slime creature (D)
  A yak (D)
  A basilisk (D)
  An acid dragon (D)
  A black bear (D)
  A kobold brigand (D)
  A hound (D)
  A sleepcap (D)
  An orc wizard (D)
  A white imp (D)
  An orc (D)
  A goblin (D)
  2 hobgoblins (D)
  A ball python (D)
  A kobold (D)
18 creatures vanquished.

Vanquished Creatures (others)
  A two-headed ogre (D)
  An unseen horror (D)
  A centaur (D)
3 creatures vanquished.

Grand Total: 21 creatures vanquished

Notes
Turn   | Place    | Note
-------+----------+-------------------------------------------
     0 | D        | Groucho the Armataur Fighter began the quest for the Orb.
     0 | D        | Reached XP level 1. HP: 18/18 MP: 1/1
     8 | D        | Reached skill level 4 in Armour
    19 | D        | Noticed a sleepcap
    19 | D        | Noticed a black bear
    19 | D        | Noticed a hound
    25 | D        | Killed a hound
    26 | D        | Reached skill level 5 in Armour
    26 | D        | Reached XP level 2. HP: 15/27 MP: 2/2
    26 | D        | Reached XP level 3. HP: 18/33 MP: 3/3
    34 | D        | Killed a black bear
    35 | D        | Reached skill level 5 in Fighting
    35 | D        | Reached skill level 6 in Armour
    35 | D        | Reached XP level 4. HP: 42/42 MP: 4/4
    47 | D        | Reached skill level 7 in Armour
    47 | D        | Reached XP level 5. HP: 48/48 MP: 5/5
    53 | D        | Found a snail-covered altar of Cheibriados.
    53 | D        | Found a shadowy altar of Dithmenos.
    53 | D        | Found a white marble altar of Elyvilon.
    53 | D        | Found a blossoming altar of Fedhas.
    53 | D        | Found an opulent altar of Gozag.
    54 | D        | Found a hazy altar of Hepliaklqana.
    55 | D        | Found a viscous altar of Jiyva.
    56 | D        | Found an ancient bone altar of Kikubaaqudgha.
    57 | D        | Found a corrupted altar of Lugonu.
    58 | D        | Found a burning altar of Makhleb.
    59 | D        | Found a sparkling altar of Nemelex Xobeh.
    60 | D        | Found an iron altar of Okawaru.
    61 | D        | Found a stormy altar of Qazlal.
    62 | D        | Found a sacrificial altar of Ru.
    63 | D        | Found a shimmering blue altar of Sif Muna.
    64 | D        | Found a bloodstained altar of Trog.
    65 | D        | Found a hide-covered altar of Uskayaw.
    66 | D        | Found a radiant altar of Vehumet.
    67 | D        | Found an ornate altar of the Wu Jian Council.
    68 | D        | Found a shimmering altar of Xom.
    69 | D        | Found a basalt altar of Yredelemnul.
    70 | D        | Found a glowing silver altar of Zin.
    71 | D        | Found a glowing golden altar of the Shining One.
    88 | D        | Became a worshipper of Makhleb the Destroyer
   166 | D        | Noticed an acid dragon
   166 | D        | Noticed a centaur
   166 | D        | Noticed a two-headed ogre
   166 | D        | Noticed a yak
   174 | D        | Killed a two-headed ogre
   175 | D        | Killed a yak
   176 | D        | Reached skill level 5 in Axes
   176 | D        | Reached skill level 8 in Armour
   176 | D        | Reached XP level 6. HP: 42/57 MP: 5/8
   191 | D        | Killed an acid dragon
   192 | D        | Reached skill level 9 in Armour
   202 | D        | Reached * piety under Makhleb
   554 | D        | Noticed an acid dragon
   554 | D        | Noticed a centaur warrior
   554 | D        | Noticed a basilisk
   554 | D        | Noticed a slime creature
   554 | D        | Noticed a centaur warrior
   573 | D        | Killed a centaur warrior
   574 | D        | Reached skill level 10 in Armour
   574 | D        | Gained mutation: You regenerate magic and health when
                  | rolling toward enemies. (Rampage Regen) [Armataur growth]
   574 | D        | Reached XP level 7. HP: 12/68 MP: 9/11
   574 | D        | Reached XP level 8. HP: 13/74 MP: 9/12
  1137 | D        | Reached ** piety under Makhleb
  1143 | D        | Killed a slime creature
  1144 | D        | Reached skill level 11 in Armour
  1144 | D        | Reached skill level 10 in Shields
  1144 | D        | Killed an unseen horror
  1153 | D        | Killed a centaur warrior
  1154 | D        | Reached XP level 9. HP: 29/83 MP: 14/14
  1158 | D        | Killed from afar by an acid dragon

Illustrated notes

Levels and vault maps discovered:
D:        linesprint [early_d, line_temple, items_1, d_10, items_2, lair_1,
          lair_end, items_3, orc_1, orc_end, items_4, d_15, swamp_1, shoals_1,
          snake_1, spider_1, d_20, vaults_1, items_5, swamp_end, shoals_end,
          snake_end, spider_end, vaults_end, d_27, items_6, zot_1, zot_end,
          crypt_end, forest_end, elf_end, slime_end, tomb_end, abyss_end,
          pan_hell_end]

Skill      XL: |  1  2  3  4  5  6  7  8 |
---------------+-------------------------+-----
Fighting       | 3 5 6 8 9 |  9.2
Axes           | 3 4 5 7 8 |  8.2
Armour         | 5 6 7 8 10 11 | 11.9
Shields        | 4 6 7 9 10 | 10.9
Invocations    | 2 6 7 |  7.8

Action                     |  1- 3 |  4- 6 |  7- 9 || total
---------------------------+-------+-------+-------++-------
  Melee: War axe           |    23 |    19 |    28 ||    70
         Tailslap          |     2 |     9 |     4 ||    15
         Rapier            |       |    55 |       ||    55
    Use: Potion            |     2 |     6 |       ||     8
   Stab: Invisible         |       |     1 |       ||     1
 Armour: Scale mail        |    31 |     5 |       ||    36
         Ring mail         |       |    44 |    32 ||    76
  Dodge: Dodged            |    11 |    29 |    12 ||    52
  Block: Buckler           |     7 |    14 |     8 ||    29

Table legend: (Time is in decaauts)
 A = Elapsed time spent in this place.
 B = Non-inter-level travel time spent in this place.
 C = Inter-level travel time spent in this place.
 D = Time resting spent in this place.
 E = Time spent auto-exploring this place.
 F = Levels seen in this place.
 G = Mean time per level.
                   A        B        C        D        E       F      G
               +--------+--------+--------+--------+--------+-----+--------+
         Total |   1152 |   1152 |      0 |    863 |      5 |   1 | 1152.0 |
       Dungeon |   1152 |   1152 |      0 |    863 |      5 |   1 | 1152.0 |
               +--------+--------+--------+--------+--------+-----+--------+

Top non-repeatable levels by time:
       D: 1152 daAuts
